AoeStats
← oats

Arabia

510414826Analyzed
1v1 RM · 2d ago on Sep 30, 2026· 45m 38s· 2 players
Game mode
Random Map
Map size
Tiny (2 player)
Population
200
Speed
Normal
Resources
Standard
Victory
Conquest
Starting age
Dark Age
Ending age
Imperial Age
RankedLock teamsTeams togetherTeam positionsShared explorationLock speedFull tech treeHidden civsTurbo modeCheats
Victory
Defeat
🇺🇸 Romans · United States
771
+43
🇧🇷 Bulgarians · Brazil
802
-32
oats
10:24 Feudal Age
16:24 Castle Age
16:46 Pikeman
18:14 Horse Collar
20:33 Double-Bit Axe
22:20 Forging
23:49 Gold Mining
29:27 Wheelbarrow
29:37 Fletching
30:18 Squires
30:58 Iron Casting
34:08 Imperial Age
31:39 Stone Mining
32:51 Husbandry
33:01 Bloodlines
33:21 Heavy Plow
34:39 Hand Cart
34:46 Ballistas
35:46 Elite Centurion
39:29 Blast Furnace
38:36 Scale Barding Armor
38:33 Scale Mail Armor
38:58 Comitatenses
38:21 Heavy Scorpion
38:57 Cavalier
40:20 Town Watch
41:02 Conscription
40:14 Halberdier
42:40 Chain Mail Armor
42:46 Chain Barding Armor
43:33 Chemistry
43:10 Ballistics
44:34 Crop Rotation
RodrigoOBOM
7:49 Loom
10:24 Feudal Age
14:10 Double-Bit Axe
21:20 Castle Age
23:04 Bow Saw
23:09 Horse Collar
25:37 Bloodlines
29:19 Scale Barding Armor
34:20 Heavy Plow
38:08 Imperial Age
35:53 Forging
36:20 Chain Barding Armor
36:24 Gold Mining
37:18 Iron Casting
38:51 Stirrups
39:17 Conscription
39:36 Plate Barding Armor
39:50 Wheelbarrow
39:01 Town Watch
40:26 Husbandry
41:28 Blast Furnace
40:06 Pikeman
40:49 Squires
40:14 Elite Skirmisher
40:47 Fletching
41:09 Thumb Ring
43:05 Crop Rotation
43:45 Gold Shaft Mining
43:01 Stone Mining
42:36 Halberdier
43:03 Gambesons
43:03 Arson
43:16 Bodkin Arrow
43:22 Scale Mail Armor
45:01 Cavalier
Connection lost

Rejoining the realm…

Still unreachable

The connection could not be restored.

Session expired

The server has moved on; the page needs a fresh start.